 Dungeon Crawl Stone Soup version 0.29.1-1-gd02db6906a (webtiles) character file.

Game seed: 17949764143420337264

4 Araneus the Trooper (level 1, 0/21 HPs)
             Began as a Naga Fighter on Sept 29, 2022.
             Slain by a goblin
             ... wielding a +0 dagger
              (2 damage)
             ... on level 1 of the Dungeon.
             The game lasted 00:00:20 (34 turns).

Araneus the Trooper (Naga Fighter)                    Turns: 34, Time: 00:00:21

Health: 0/21       AC:  3    Str: 18    XL:     1   Next: 60%
Magic:  1/1        EV:  7    Int:  8    God:
Gold:   18         SH:  4    Dex: 10    Spells: 0/0 levels left

rFire   . . .      SeeInvis +   a - +0 trident
rCold   . . .      Faith    .   c - +0 buckler
rNeg    . . .      Spirit   .   b - +0 scale mail
rPois   +          Reflect  .   (no helmet)
rElec   .          Harm     .   (no cloak)
rCorr   .          Rampage  .   (no gloves)
Will    .....                   (no barding)
Stlth   ..........              (no amulet)
HPRegen 0.07/turn               (no ring)
MPRegen 0.07/turn               (no ring)

@: very slow
A: AC +0, large, see invisible, deformed body, poison resistance, slowness 2,
spit poison 1, naga tail 1
a: Spit Poison


You were on level 1 of the Dungeon.
You visited 1 branch of the dungeon, and saw 1 of its levels.

You collected 18 gold pieces.

Inventory:

Hand Weapons
 a - a +0 trident (weapon)
Armour
 b - a +0 scale mail (worn)
 c - a +0 buckler (worn)
Potions
 d - a potion of might


   Skills:
 - Level 3.0 Fighting
 + Level 2.4 Polearms
 - Level 2.4 Armour
 - Level 2.6 Shields


You couldn't memorise any spells.
You didn't know any spells.
Your spell library was empty.

Dungeon Overview and Level Annotations

Branches:
Dungeon (1/15)

Altars:


Innate Abilities, Weirdness & Mutations

Your serpentine skin is tough. (AC +0)
You have supernaturally acute eyesight. (SInv)
Armour fits poorly on your strangely shaped body.
Your system is resistant to poisons. (rPois)
You cover ground very slowly.
You can spit poison.
You have a snake-like lower body.


Message History

The bat hits you but does no damage. The hobgoblin hits you.
You hit the hobgoblin.
The hobgoblin is moderately wounded.
The bat hits you but does no damage. The hobgoblin hits you.
The hobgoblin hits you but does no damage.
You barely miss the hobgoblin.
The hobgoblin is moderately wounded.
The bat hits you. The hobgoblin closely misses you.
You are too injured to fight recklessly!
You are too injured to fight recklessly!
You are too injured to fight recklessly!
You barely miss the hobgoblin.
The hobgoblin is moderately wounded.
The bat hits you but does no damage. The hobgoblin hits you.
You barely miss the hobgoblin.
The hobgoblin is moderately wounded.
The bat hits you but does no damage.
The hobgoblin hits you but does no damage.
The bat barely misses you.
You hit the hobgoblin but do no damage.
The hobgoblin is moderately wounded.
You block the bat's attack. The bat hits you but does no damage.
The hobgoblin hits you. The goblin hits you but does no damage.
The bat hits you but does no damage. The goblin hits you but does no damage.
You block the hobgoblin's attack.
You completely miss the hobgoblin.
The hobgoblin is moderately wounded.
The bat hits you.
* * * LOW HITPOINT WARNING * * *
The bat barely misses you. The hobgoblin hits you.
* * * LOW HITPOINT WARNING * * *
The goblin barely misses you.
You hit the bat but do no damage. The bat hits you but does no damage.
You block the bat's attack. The hobgoblin barely misses you.
The goblin hits you with a +0 dagger.
* * * LOW HITPOINT WARNING * * *
You puncture the hobgoblin!
You kill the hobgoblin!
The bat barely misses you. The goblin hits you with a +0 dagger.
You die...

#. P~#####.# #.
#~~P...# #. #P~P##.#
#.### #~PP##.#
####...# #.##P~~#
#......###.##~PP#
#.##.........PP~#
#####.###.###########
......†@...#
#.####g.b#.# #S###.#
#.. .. ...# ... ....
.g. #.#.. .... #..>.


You could see a goblin, a bat and a ball python.

Vanquished Creatures
  A dart slug (D:1)
  A ball python (D:1)
  A hobgoblin (D:1)
3 creatures vanquished.

Notes
Turn   | Place    | Note
-------+----------+-------------------------------------------
     0 | D:1      | Araneus the Naga Fighter began the quest for the Orb.
     0 | D:1      | Reached XP level 1. HP: 21/21 MP: 1/1
    34 | D:1      | Slain by a goblin

Illustrated notes

Levels and vault maps discovered:
D:1:      psy_arrival_conway, layout_rooms,
          chequers_ecumenical_altar_simple_redux, corexii_corridor_pit

Action                   || total
-------------------------++-------
Melee: Trident           ||    12
Armor: Scale mail        ||    11
Dodge: Dodged            ||     7
Block: Buckler           ||     3
